 Dungeon Crawl Stone Soup version 0.27.1 (webtiles) character file.

Game seed: 7317716241177795123

928 Malachi the Twirler (level 8, 0/68 HPs)
             Began as a Ghoul Monk on Aug 21, 2021.
             Was an Elder of Fedhas.
             Slain by a killer bee (4 damage)
             ... on level 5 of the Dungeon.
             The game lasted 00:11:20 (5153 turns).

Malachi the Twirler (Ghoul Monk)                    Turns: 5153, Time: 00:11:21

Health: 0/68       AC: 15    Str: 17    XL:     8   Next: 11%
Magic:  14/14      EV:  5    Int: 11    God:    Fedhas [****..]
Gold:   294        SH:  0    Dex: 11    Spells: 7/7 levels left

rFire    . . .     SeeInvis .   c - +6 Majin-Bo {vamp, MP+6 Int+6}
rCold    + . .     Faith    .   (shield currently unavailable)
rNeg     + + +     Spirit   .   p - +0 plate armour
rPois    ∞         Reflect  .   (no helmet)
rElec    .         Harm     .   (no cloak)
rCorr    .         Rampage  .   e - +0 pair of gloves
Will     +....                  (no boots)
Stlth    ..........             (no amulet)
HPRegen  0.00/turn              g - ring of willpower
MPRegen  0.14/turn              a - +4 ring of protection

@: flying, inhibited regen
A: claws 1, cold resistance 1, negative energy resistance 3, inhibited
regeneration, torment resistance 2
a: Renounce Religion, Wall of Briars, Grow Ballistomycete, Overgrow


You were on level 5 of the Dungeon.
You worshipped Fedhas.
Fedhas was greatly pleased with you.
You visited 1 branch of the dungeon, and saw 5 of its levels.

You collected 294 gold pieces.

Inventory:

Hand Weapons
 c - the +6 Majin-Bo (weapon) {vamp, MP+6 Int+6}
   (You acquired it on level 1 of the Dungeon)

   It occasionally heals its wielder for a portion of the damage dealt when they
   wound a living foe with it or with a spell.
   Its wielder's spells cost health as well as magical power.
   Int:       It affects your intelligence (+6).
   MP:        It affects your magic capacity (+6).
 f - a +0 hunting sling
Missiles
 d - a throwing net
 m - 130 stones (quivered)
Armour
 e - a +0 pair of gloves (worn)
 p - a +0 plate armour (worn)
Jewellery
 a - a +4 ring of protection (right hand)
 g - a ring of willpower (left hand)
 k - a +6 ring of intelligence
 l - a ring of protection from fire
 o - a ring of willpower
Scrolls
 h - 2 scrolls of teleportation
 n - a scroll of fog
 q - a scroll of identify
 s - a scroll of amnesia {unknown}
Potions
 b - 4 potions of curing
 i - 2 potions of magic
 j - 2 potions of brilliance
 r - a potion of flight


   Skills:
 + Level 5.2 Fighting
 * Level 6.3 Staves
 + Level 1.4 Armour
 - Level 3.2 Dodging
 - Level 2.4 Stealth
 - Level 3.6 Unarmed Combat
 * Level 2.0 Invocations


You had 7 spell levels left.
You didn't know any spells.
Your spell library contained the following spells:

 Spells                   Type           Power      Damage    Failure   Level
 Corona                   Hex            0%         N/A       100%        1
 Ensorcelled Hibernation  Hex/Ice        0%         N/A       100%        2
 Call Canine Familiar     Summ           0%         N/A       100%        3
 Portal Projectile        Hex/Tloc       0%         N/A       100%        3
 Tukima's Dance           Hex            0%         N/A       100%        3
 Animate Armour           Summ/Erth      0%         N/A       100%        4
 Leda's Liquefaction      Hex/Erth       0%         N/A       100%        4
 Irradiate                Conj/Tmut      0%         3d13      100%        5
 Iron Shot                Conj/Erth      0%         9d1       100%        6
 Blade Hands              Tmut           Unusable   N/A       N/A         5
 Dragon Form              Tmut           Unusable   N/A       N/A         7

Dungeon Overview and Level Annotations

Branches:
Dungeon (5/15)
 Temple: D:4-7

Altars:
Fedhas
Ru

Annotations:
D:5 1 transporter, Conn's ghost, novice OpFE


Innate Abilities, Weirdness & Mutations

You thrive by killing the living.
You are immune to poison.
You have sharp fingernails.
Your flesh is cold resistant. (rC+)
You are immune to negative energy. (rN+++)
You do not regenerate when monsters are visible.
You are immune to unholy pain and torment.


Message History

The killer bee stings you.
The killer bee stings you but does no damage. x4
The killer bee barely misses you.
You barely miss the killer bee.
The killer bee is moderately wounded.
The killer bee stings you.
The killer bee stings you but does no damage. x4
The killer bee barely misses you.
You are too injured to fight recklessly!
Unknown command.
You are too injured to fight recklessly!
Okay, then.
You hit the killer bee.
You feel better.
The killer bee is heavily wounded.
The killer bee stings you but does no damage. x2
The killer bee barely misses you. The killer bee stings you. x2
* * * LOW HITPOINT WARNING * * *
The killer bee stings you but does no damage.
You closely miss the killer bee.
The killer bee is moderately wounded.
The killer bee barely misses you. The killer bee stings you.
* * * LOW HITPOINT WARNING * * *
The killer bee stings you but does no damage. x3
The killer bee stings you.
* * * LOW HITPOINT WARNING * * *
Okay, then.
You feel very buoyant.
You fly up into the air.
The killer bee stings you but does no damage. x2
The killer bee stings you.
* * * LOW HITPOINT WARNING * * *
The killer bee stings you.
* * * LOW HITPOINT WARNING * * *
The killer bee stings you but does no damage. x2
You miss the killer bee.
The killer bee is moderately wounded.
The killer bee stings you but does no damage.
The killer bee stings you.
You die...
Fedhas appreciates your contribution to the ecosystem.

#.#########.###............
#.#........................ ###
#.#.###.####.######.###.... ..#
#.#.# #.# #.##............ ..#
#.#.# #.## #.##...........# ..#
#.#.###..###..#...........# ..#
##.......©.................# ..#
##..#############...........#
..###..#####..©y@#####..........#
..#...###.#.#..y#yy.###.........#
..#.#.##..#..###..#..##.#.###'#.#
.<#...###...# .y#W..###.....#.#.#
..#....#####..#..#####....#.#.#.#
..#.#.###.#!#...#..$###.#.#.#.#.#
..#.#.##y.#y.###.y#Wy##.#.#.#.#..
..#.#.###...#...#.#y###.#.#.#+###
....#..#####.?y($#####..#.#......


You could see 4 killer bees and Conn's ghost.

Vanquished Creatures
  A water moccasin (D:5)
  3 ogres
  A water moccasin skeleton (D:5)
  A killer bee (D:5)
  A howler monkey (D:4)
  3 orc priests
  A hound (D:5)
  A jelly (D:4)
  Jessica (D:3)
  A bullfrog skeleton (D:4)
  An iguana (D:5)
  An orc wizard (D:4)
  A gnoll (D:5)
  4 adders
  2 ufetubi
  3 worms
  2 dart slugs (D:2)
  12 orcs
  10 bats
  5 endoplasms
  5 giant cockroaches
  9 goblins
  6 hobgoblins
  2 jackals (D:5)
  5 quokkas
  11 ball pythons
  6 frilled lizards
  4 kobolds
  6 rats
  A spectral goblin (D:1)
110 creatures vanquished.

Vanquished Creatures (collateral kills)
  A scorpion (D:5)
  A gnoll shaman (D:5)
  3 gnolls (D:5)
  An orc (D:4)
  A kobold (D:4)
7 creatures vanquished.

Grand Total: 117 creatures vanquished

Notes
Turn   | Place    | Note
-------+----------+-------------------------------------------
     0 | D:1      | Malachi the Ghoul Monk began the quest for the Orb.
     0 | D:1      | Reached XP level 1. HP: 19/19 MP: 0/0
    86 | D:1      | Found a faded altar of an unknown god.
   102 | D:1      | Became a worshipper of Fedhas Madash
   102 | D:1      | Reached * piety under Fedhas
   102 | D:1      | Reached ** piety under Fedhas
   351 | D:1      | Reached XP level 2. HP: 26/26 MP: 1/1
   396 | D:1      | Reached *** piety under Fedhas
   957 | D:1      | Reached XP level 3. HP: 27/31 MP: 2/2
  1220 | D:1      | Identified a scroll of acquirement
  1220 | D:1      | Acquired the +6 Majin-Bo {vamp, MP+6 Int+6}
  1220 | D:1      | Found the +6 Majin-Bo {vamp, MP+6 Int+6}
  1544 | D:2      | Reached skill level 1 in Staves
  1904 | D:2      | Reached XP level 4. HP: 35/40 MP: 3/3
  2311 | D:3      | Noticed Jessica
  2315 | D:3      | Killed Jessica
  2316 | D:3      | Reached skill level 2 in Staves
  2386 | D:3      | Reached **** piety under Fedhas
  2437 | D:3      | Reached XP level 5. HP: 46/46 MP: 4/4
  2576 | D:3      | Reached skill level 3 in Staves
  3368 | D:4      | Reached XP level 6. HP: 40/53 MP: 5/5
  3384 | D:4      | Reached skill level 4 in Staves
  3500 | D:4      | Reached XP level 7. HP: 60/60 MP: 6/6
  3511 | D:4      | Reached skill level 5 in Staves
  3968 | D:5      | Entered Level 5 of the Dungeon
  4037 | D:5      | Reached skill level 1 in Invocations
  4221 | D:5      | Reached skill level 5 in Fighting
  4568 | D:5      | Reached skill level 6 in Staves
  4568 | D:5      | Reached skill level 1 in Armour
  4643 | D:5      | Reached XP level 8. HP: 63/68 MP: 8/8
  4745 | D:5      | Found a transporter.
  4745 | D:5      | Found a transporter.
  4746 | D:5      | Noticed Conn's ghost (novice OpFE)
  4840 | D:5      | Found a sacrificial altar of Ru.
  5153 | D:5      | Slain by a killer bee

Illustrated notes

Levels and vault maps discovered:
D:1:      mrwooster_arrival_arrow, layout_basic,
          dreamdust_ecumenical_altar_drowned_temple, serial_rivers,
          chequers_serial_rivers_small_3, chequers_serial_rivers_marsh,
          chequers_serial_rivers_room_b, chequers_serial_rivers_micro_d,
          chequers_serial_rivers_large_a, chequers_serial_rivers_micro_b,
          minmay_close_crescents
D:2:      layout_basic
D:3:      layout_loops_ring, minmay_misc_feat_rugged, minmay_cut_off,
          uniq_jessica
D:4:      layout_layer_cave, hex_tiny
D:5:      layout_basic, amcnicky_altar_gilded, gammafunk_ghost_hive

Skill      XL: |  1  2  3  4  5  6  7  8 |
---------------+-------------------------+-----
Dodging        | 3 |  3.2
Staves         | 1 2 3 4 6 |  6.3
Fighting       | 4 5 |  5.2
Invocations    | 1 2 |  2.0
Armour         | 1 |  1.4
Stealth        | |  2.4
Unarmed Combat | |  3.6

Action                   |  1- 3 |  4- 6 |  7- 9 || total
-------------------------+-------+-------+-------++-------
Melee: Unarmed           |    79 |       |       ||    79
       Quarterstaff      |    41 |   110 |    81 ||   232
 Fire: Hunting sling     |       |     1 |       ||     1
Invok: Wall of Briars    |       |     2 |       ||     2
  Use: Scroll            |     1 |     4 |     2 ||     7
       Potion            |       |     6 |     1 ||     7
 Stab: Sleeping          |     5 |     4 |       ||     9
Armor: Robe              |    47 |    11 |       ||    58
       Scale mail        |       |     8 |     4 ||    12
       Plate armour      |       |       |    79 ||    79
Dodge: Dodged            |   102 |    67 |    33 ||   202
